 Dungeon Crawl Stone Soup version 0.23-a0-338-g8ff0b24 (webtiles) character file.

5189 epen the Covert (level 10, -12/79 HPs)
             Began as a Gnoll Assassin on Oct 18, 2018.
             Was an Elder of Makhleb.
             Mangled by a two-headed ogre
             ... wielding a +1 dire flail of holy wrath
              (28 damage)
             ... on level 10 of the Dungeon.
             The game lasted 00:18:40 (10846 turns).

epen the Covert (Gnoll Assassin)                   Turns: 10846, Time: 00:18:41

Health: -12/79     AC:  9    Str: 21    XL:     10   Next: 60%
Magic:  14/18      EV: 16    Int: 14    God:    Makhleb [****..]
Gold:   208        SH:  0    Dex: 16    Spells: 7/19 levels left

rFire    . . .     SeeInvis .   H - +2 long sword (curse)
rCold    . . .     Gourm    .   (no shield)
rNeg     . . .     Faith    .   u - +2 leather armour {MR+}
rPois    .         Spirit   .   C - +0 helmet
rElec    .         Reflect  .   d - +1 cloak
rCorr    .         Harm     .   (no gloves)
MR       +....                  (no boots)
Stlth    ++++......             (no amulet)
HPRegen  0.23/turn              A - +3 ring of slaying
MPRegen  0.16/turn              w - +4 ring of strength

@: no status effects
A: distributed training, fangs 1, strong nose
a: Minor Destruction, Lesser Servant of Makhleb, Major Destruction, Renounce
Religion


You were on level 10 of the Dungeon.
You worshipped Makhleb.
Makhleb was greatly pleased with you.
You were not hungry.

You visited 1 branch of the dungeon, and saw 10 of its levels.
You also visited: Sewer.

You collected 362 gold pieces.
You spent 154 gold pieces at shops.

Inventory:

Hand Weapons
 a - a +3 dagger
 b - a +0 blowgun
 F - a +1 trident of freezing
 H - a cursed +2 long sword (weapon)
Missiles
 e - 54 poisoned needles
 f - 2 curare-tipped needles
 r - 6 needles of confusion
Armour
 c - a +0 robe
 d - a +1 cloak (worn)
 s - a +0 ring mail
 u - a +2 leather armour of magic resistance (worn)
 C - a +0 helmet (worn)
Jewellery
 w - a +4 ring of strength (right hand)
 y - a +1 ring of slaying
 A - a +3 ring of slaying (left hand)
 E - a +3 ring of intelligence
Wands
 h - a wand of scattershot (3)
 t - a wand of polymorph (14)
 B - a wand of flame (25)
Scrolls
 j - a scroll of fear
 l - 4 scrolls of teleportation
 n - 4 scrolls of magic mapping
 o - 3 scrolls of remove curse
 q - 3 scrolls of fog
 D - 2 scrolls of immolation {unknown}
 I - a scroll of brand weapon {unknown}
 J - a scroll of identify
Potions
 i - 3 potions of brilliance {unknown}
 k - 2 potions of lignification {unknown}
 m - 6 potions of curing
 p - a potion of haste
 v - 3 potions of flight {unknown}
 x - a potion of mutation {unknown}
 z - a potion of heal wounds
Comestibles
 g - 12 rations


   Skills:
 + Level 7.1 Fighting
 + Level 7.1 Short Blades
 + Level 5.3 Long Blades
 + Level 5.3 Axes
 + Level 5.3 Maces & Flails
 + Level 5.3 Polearms
 + Level 5.3 Staves
 + Level 5.3 Slings
 + Level 5.3 Bows
 + Level 5.3 Crossbows
 + Level 7.1 Throwing
 + Level 5.3 Armour
 + Level 6.0 Dodging
 + Level 9.5 Stealth
 + Level 5.3 Shields
 + Level 5.3 Unarmed Combat
 + Level 5.3 Spellcasting
 + Level 4.4 Conjurations
 + Level 4.4 Hexes
 + Level 4.4 Charms
 + Level 4.4 Summonings
 + Level 4.4 Necromancy
 + Level 4.4 Translocations
 + Level 4.4 Transmutations
 + Level 4.4 Fire Magic
 + Level 4.4 Ice Magic
 + Level 4.4 Air Magic
 + Level 4.4 Earth Magic
 + Level 4.4 Poison Magic
 + Level 5.9 Invocations
 + Level 5.3 Evocations


You had 7 spell levels left.
You knew the following spells:

 Your Spells              Type           Power        Failure   Level  Hunger
a - Confuse               Hex            ###.....     10%         3    ###....
b - Regeneration          Chrm/Necr      ###.......   10%         3    ###....
c - Spectral Weapon       Hex/Chrm       ###.....     10%         3    ###....
d - Dazzling Spray        Conj/Hex       ###...       10%         3    ###....

Your spell library contained the following spells:

 Spells                   Type           Power        Failure   Level  Hunger
 Animate Skeleton         Necr           N/A          3%          1    None
 Apportation              Tloc           ###...       3%          1    None
 Confusing Touch          Hex            ###...       3%          1    None
 Corona                   Hex            ###....      3%          1    None
 Infusion                 Chrm           ###.         3%          1    None
 Summon Small Mammal      Summ           ###.         3%          1    None
 Ensorcelled Hibernation  Hex/Ice        ###...       4%          2    ##.....
 Shroud of Golubria       Chrm/Tloc      ###.......   4%          2    ##.....
 Slow                     Hex            ###.....     4%          2    ##.....
 Song of Slaying          Chrm           ###.....     4%          2    ##.....
 Ignite Poison            Fire/Tmut/Pois ###.....     10%         3    ###....
 Summon Guardian Golem    Hex/Summ       ###.....     10%         3    ###....
 Tukima's Dance           Hex            ###.....     10%         3    ###....
 Silence                  Hex/Air        ###.......   65%         5    ######.
 Summon Mana Viper        Hex/Summ       ###.....     65%         5    ######.


Dungeon Overview and Level Annotations

Branches:
Dungeon (10/15)            Temple (0/1) D:6            Lair (0/6) D:9
    Orc (0/2) D:9

Altars:
Makhleb
Okawaru
Uskayaw
Xom

Shops:
D:5 *   D:6 !   D:7 (

Annotations:
D:3 3 runed doors, pidr's ghost, amateur OpVM


Innate Abilities, Weirdness & Mutations

Your experience applies equally to all skills.
You have very sharp teeth.
Your uncanny sense of smell can sniff out nearby items.


Message History

The two-headed ogre is severely wounded.
Your spectral weapon hits the two-headed ogre!
The two-headed ogre barely misses you.
The two-headed ogre hits you with a +0 giant spiked club!
You barely miss the two-headed ogre.
The two-headed ogre is almost dead.
Your spectral weapon hits the two-headed ogre.
The two-headed ogre hits your spectral weapon with a +1 dire flail of holy Your spectral weapon shares its damage with you!
The two-headed ogre hits your spectral weapon with a +0 giant spiked club.
Your spectral weapon fades away.
The two-headed ogre shouts in stereo!
You are too injured to fight recklessly!
Casting: Spectral Weapon (safe; 10% risk of failure)
Confirm with . or Enter, or press ? or * to list all spells.
You draw out your weapon's spirit!
The two-headed ogre hits you with a +1 dire flail of holy wrath!!
* * * LOW HITPOINT WARNING * * *
The two-headed ogre hits you with a +0 giant spiked club!!
You die...

.........#
.........#
.........#
#........#
#........#
#........+
#........#
#........#
#......@.#
#.....O..#
##....(..#
#.......#
#.......#
#.......#
#.......#
∆
#.......#


You could see a two-headed ogre and a friendly spectral enchanted long sword.

Vanquished Creatures
  Prince Ribbit (D:7)
  Grinder (D:3)
  A hippogriff (D:7)
  Sigmund (D:4)
  A spriggan (D:7)
  2 wyverns (D:8)
  A yak (D:10)
  2 hungry ghosts
  An orc warrior (D:8)
  A black bear (D:6)
  An ice beast (D:5)
  2 sky beasts
  An eye of draining (D:8)
  5 ogres
  A centaur (D:6)
  2 big kobolds
  4 bullfrogs
  2 scorpions
  4 killer bees (D:9)
  4 wights (D:9)
  A howler monkey (D:6)
  2 bullfrog zombies
  8 crimson imps
  2 bullfrog skeletons
  3 orc priests
  5 hounds
  2 jellies
  2 orc wizards (D:6)
  A centaur skeleton (D:9)
  2 iguanas (D:5)
  Ijyb (D:4)
  4 worker ants
  A hound skeleton (D:4)
  A worker ant zombie (D:7)
  12 adders
  8 gnolls (D:6)
  4 river rats
  An ooze (D:1)
  An adder skeleton (D:8)
  6 worms
  2 dart slugs
  5 leopard geckos
  20 orcs
  6 giant cockroaches
  5 goblins
  10 hobgoblins
  5 jackals
  5 quokkas
  A ball python (D:2)
  5 bats
  5 frilled lizards
  12 kobolds
  A leopard gecko skeleton (D:5)
  A quokka skeleton (D:4)
  13 rats
201 creatures vanquished.

Vanquished Creatures (collateral kills)
  2 yaks (D:9)
  2 orc warriors
  An ogre (D:6)
  A bullfrog (D:6)
  2 orc wizards
  A hound skeleton (D:9)
  An adder skeleton (D:9)
  2 orcs (D:9)
  A quokka (D:6)
13 creatures vanquished.

Vanquished Creatures (others)
  2 fungi (D:9)
  A spectral weapon (D:10)
3 creatures vanquished.

Grand Total: 217 creatures vanquished

Notes
Turn   | Place    | Note
-------+----------+-------------------------------------------
     0 | D:1      | epen the Gnoll Assassin began the quest for the Orb.
     0 | D:1      | Reached XP level 1. HP: 20/20 MP: 1/1
    68 | D:1      | Reached XP level 2. HP: 11/26 MP: 2/2
   873 | D:2      | Reached XP level 3. HP: 31/31 MP: 3/3
   884 | D:2      | Found a burning altar of Makhleb.
   886 | D:2      | Noticed a balrug
  1011 | D:2      | Noticed a ynoxinul
  1011 | D:2      | Noticed an orange demon
  1013 | D:2      | Became a worshipper of Makhleb the Destroyer
  1278 | D:2      | Reached skill level 1 in Invocations
  1625 | D:2      | Reached skill level 1 in Long Blades
  1625 | D:2      | Reached skill level 1 in Axes
  1625 | D:2      | Reached skill level 1 in Maces & Flails
  1625 | D:2      | Reached skill level 1 in Polearms
  1625 | D:2      | Reached skill level 1 in Staves
  1625 | D:2      | Reached skill level 1 in Slings
  1625 | D:2      | Reached skill level 1 in Bows
  1625 | D:2      | Reached skill level 1 in Crossbows
  1625 | D:2      | Reached skill level 1 in Armour
  1625 | D:2      | Reached skill level 1 in Shields
  1625 | D:2      | Reached skill level 1 in Unarmed Combat
  1625 | D:2      | Reached skill level 1 in Spellcasting
  1625 | D:2      | Reached skill level 1 in Evocations
  1625 | D:2      | Reached XP level 4. HP: 30/38 MP: 5/5
  1899 | D:3      | Noticed Grinder
  2498 | D:2      | Reached skill level 1 in Conjurations
  2498 | D:2      | Reached skill level 1 in Hexes
  2498 | D:2      | Reached skill level 1 in Charms
  2498 | D:2      | Reached skill level 1 in Summonings
  2498 | D:2      | Reached skill level 1 in Necromancy
  2498 | D:2      | Reached skill level 1 in Translocations
  2498 | D:2      | Reached skill level 1 in Transmutations
  2498 | D:2      | Reached skill level 1 in Fire Magic
  2498 | D:2      | Reached skill level 1 in Ice Magic
  2498 | D:2      | Reached skill level 1 in Air Magic
  2498 | D:2      | Reached skill level 1 in Earth Magic
  2498 | D:2      | Reached skill level 1 in Poison Magic
  2504 | D:2      | Reached XP level 5. HP: 35/43 MP: 6/6
  2708 | D:3      | Reached * piety under Makhleb
  3016 | D:3      | Found a runed gate.
  3016 | D:3      | Found a runed gate.
  3016 | D:3      | Found a runed gate.
  3029 | D:3      | Noticed pidr's ghost (amateur OpVM)
  3033 | D:3      | Killed Grinder
  3033 | D:3      | Reached skill level 5 in Fighting
  3033 | D:3      | Reached skill level 5 in Short Blades
  3033 | D:3      | Reached skill level 5 in Throwing
  3033 | D:3      | Reached skill level 8 in Stealth
  3033 | D:3      | Reached XP level 6. HP: 25/51 MP: 7/9
  3471 | D:4      | Reached XP level 7. HP: 51/56 MP: 10/10
  3551 | D:4      | Found an iron altar of Okawaru.
  3741 | D:4      | Noticed Ijyb
  3776 | D:4      | Killed Ijyb
  4025 | D:4      | Found a shimmering altar of Xom.
  4492 | D:4      | Noticed Sigmund
  4499 | D:4      | Killed Sigmund
  4499 | D:4      | Reached XP level 8. HP: 63/63 MP: 12/12
  4521 | D:5      | Entered Level 5 of the Dungeon
  4524 | D:5      | Found Jofeucw's General Store.
  4527 | D:5      | Bought a potion of heal wounds for 70 gold pieces
  4984 | D:5      | HP: 3/64 [poisoned by a scorpion]
  4991 | D:5      | HP: 3/64 [poisoned by a scorpion]
  4999 | D:5      | HP: 2/64 [poisoned by a scorpion]
  5352 | D:5      | Reached ** piety under Makhleb
  5912 | D:6      | Found a staircase to the Ecumenical Temple.
  5997 | D:6      | Reached XP level 9. HP: 25/69 MP: 14/14
  6058 | D:6      | Found Joroec's Distillery.
  6153 | D:6      | Found a glowing drain.
  6180 | Sewer    | Entered a sewer
  6452 | Sewer    | Found a white marble altar of Elyvilon.
  6536 | D:6      | Reached *** piety under Makhleb
  6553 | D:6      | Bought a potion of curing for 42 gold pieces
  6553 | D:6      | Bought a potion of curing for 42 gold pieces
  7531 | D:7      | Reached skill level 5 in Dodging
  7548 | D:7      | Reached skill level 9 in Stealth
  7719 | D:7      | Noticed Prince Ribbit
  7726 | D:7      | Killed Prince Ribbit
  7923 | D:7      | Reached skill level 5 in Invocations
  7976 | D:7      | Found Toiniste's Weapon Boutique.
  8014 | D:7      | Found a hide-covered altar of Uskayaw.
  8418 | D:8      | Reached XP level 10. HP: 76/77 MP: 15/17
  8626 | D:8      | Learned a level 3 spell: Confuse
  8630 | D:8      | Learned a level 3 spell: Dazzling Spray
  8784 | D:8      | Identified the Collected Works on Heat and Malediction
  9051 | D:9      | Reached skill level 5 in Long Blades
  9051 | D:9      | Reached skill level 5 in Axes
  9051 | D:9      | Reached skill level 5 in Maces & Flails
  9051 | D:9      | Reached skill level 5 in Polearms
  9051 | D:9      | Reached skill level 5 in Staves
  9051 | D:9      | Reached skill level 5 in Slings
  9051 | D:9      | Reached skill level 5 in Bows
  9051 | D:9      | Reached skill level 5 in Crossbows
  9051 | D:9      | Reached skill level 5 in Armour
  9051 | D:9      | Reached skill level 5 in Shields
  9051 | D:9      | Reached skill level 5 in Unarmed Combat
  9051 | D:9      | Reached skill level 5 in Spellcasting
  9051 | D:9      | Reached skill level 5 in Evocations
  9465 | D:9      | Reached **** piety under Makhleb
 10016 | D:9      | Found a staircase to the Lair.
 10133 | D:9      | Found a staircase to the Orcish Mines.
 10363 | D:10     | Entered Level 10 of the Dungeon
 10398 | D:10     | HP: 1/79 [yak (9)]
 10820 | D:10     | Learned a level 3 spell: Spectral Weapon
 10824 | D:10     | Learned a level 3 spell: Regeneration
 10834 | D:10     | Noticed a two-headed ogre
 10846 | D:10     | Mangled by a two-headed ogre

Vault maps used:
D:1:      nzn_arrival_water_spiral
D:2:      minmay_misc_feat_nine_boxes, makhleb_altar_promises_db
D:3:      gammafunk_ghost_necromancy, minmay_item_behind_shaft, uniq_grinder
D:4:      lemuel_coloured_pillars_altar, led_xom_imps, uniq_ijyb, uniq_sigmund
D:5:      serial_shops, kennysheep_mini, first_ration
D:6:      minmay_temple_entry_statues_pillars, gup_sewer_entry_bubbles,
          serial_shops, shop
D:7:      serial_shops, kennysheep_little_box, basic_altar, the_bakery,
          supply_closet_lemuel, uniq_prince_ribbit1
D:8:      kennysheep_generic_room_3
D:9:      dpeg_oklobed_lair, orc_0_dummy
Sewer:    sewer_kobolds

Skill      XL: |  1  2  3  4  5  6  7  8  9 10 |
---------------+-------------------------------+-----
Invocations    | 1 2 3 4 5 |  5.9
Long Blades    | 1 2 3 4 5 |  5.3
Axes           | 1 2 3 4 5 |  5.3
Maces & Flails | 1 2 3 4 5 |  5.3
Polearms       | 1 2 3 4 5 |  5.3
Staves         | 1 2 3 4 5 |  5.3
Slings         | 1 2 3 4 5 |  5.3
Bows           | 1 2 3 4 5 |  5.3
Crossbows      | 1 2 3 4 5 |  5.3
Armour         | 1 2 3 4 5 |  5.3
Shields        | 1 2 3 4 5 |  5.3
Unarmed Combat | 1 2 3 4 5 |  5.3
Spellcasting   | 1 2 3 4 5 |  5.3
Evocations     | 1 2 3 4 5 |  5.3
Conjurations   | 1 2 3 4 |  4.4
Hexes          | 1 2 3 4 |  4.4
Charms         | 1 2 3 4 |  4.4
Summonings     | 1 2 3 4 |  4.4
Necromancy     | 1 2 3 4 |  4.4
Translocations | 1 2 3 4 |  4.4
Transmutations | 1 2 3 4 |  4.4
Fire Magic     | 1 2 3 4 |  4.4
Ice Magic      | 1 2 3 4 |  4.4
Air Magic      | 1 2 3 4 |  4.4
Earth Magic    | 1 2 3 4 |  4.4
Poison Magic   | 1 2 3 4 |  4.4
Dodging        | 3 4 5 6 |  6.0
Fighting       | 5 6 7 |  7.1
Short Blades   | 5 6 7 |  7.1
Throwing       | 5 6 7 |  7.1
Stealth        | 8 9 |  9.5

Action                   |  1- 3 |  4- 6 |  7- 9 | 10-12 || total
-------------------------+-------+-------+-------+-------++-------
Melee: Dagger            |   109 |   187 |   637 |    91 ||  1024
       Bite              |     9 |    14 |    97 |    21 ||   141
       Punch             |       |       |    12 |     5 ||    17
       Long sword        |       |       |       |    39 ||    39
 Fire: Blowgun           |       |     4 |       |       ||     4
 Cast: Confuse           |       |       |       |    22 ||    22
       Spectral Weapon   |       |       |       |     2 ||     2
Invok: Minor Destruction |       |       |    15 |       ||    15
       Lesser Servant of |       |       |     1 |     1 ||     2
Evoke: Wand              |       |       |     2 |       ||     2
  Use: Scroll            |       |     8 |     3 |     3 ||    14
       Potion            |       |       |     5 |       ||     5
 Stab: Sleeping          |    14 |     6 |    17 |    13 ||    50
       Confused          |       |     1 |       |     9 ||    10
  Eat: Chunk             |     2 |     6 |    10 |     3 ||    21
       Ration            |       |       |     3 |     2 ||     5
Armor: Robe              |    17 |       |       |       ||    17
       Ring mail         |       |    46 |    14 |       ||    60
       Leather armour    |       |       |   100 |    25 ||   125
Dodge: Dodged            |    59 |    96 |   296 |    82 ||   533
       Rpst.: Long sword |       |       |       |     8 ||     8

Table legend:
 A = Non-vault XP
 B = Vault XP
 C = Vault XP percentage of total XP
 D = Non-vault monster count
 E = Vault monster count
 F = Vault count percentage of total count
                 A         B        C        D         E       F
            +---------+---------+-------+---------+---------+-------
      Total |    6071 |    1343 |  18.1 |     189 |      25 |  11.7
            +---------+---------+-------+---------+---------+-------
        D:1 |      29 |       0 |   0.0 |      15 |       0 |   0.0
        D:2 |     129 |       0 |   0.0 |      27 |       0 |   0.0
        D:3 |      79 |     267 |  77.2 |      27 |       1 |   3.6
        D:4 |     466 |     399 |  46.1 |      14 |       5 |  26.3
        D:5 |     623 |       0 |   0.0 |      18 |       0 |   0.0
        D:6 |    1105 |      51 |   4.4 |      32 |       7 |  17.9
        D:7 |     769 |     506 |  39.7 |      13 |       2 |  13.3
        D:8 |     953 |       0 |   0.0 |      13 |       0 |   0.0
        D:9 |    1678 |       0 |   0.0 |      28 |       0 |   0.0
       D:10 |     240 |       0 |   0.0 |       2 |       0 |   0.0
      Sewer |       0 |     120 | 100.0 |       0 |      10 | 100.0
            +---------+---------+-------+---------+---------+-------
